 Dungeon Crawl Stone Soup version 0.18-a0-19-g8b99b3a (webtiles) character file.

46 Ijustatesigmund the Sneak (level 3, -1/21 HPs)
             Began as a Gargoyle Artificer on Nov 1, 2015.
             Slain by a worm (9 damage)
             ... on level 2 of the Dungeon.
             The game lasted 00:04:00 (1722 turns).

Ijustatesigmund the Sneak (Gargoyle Artificer)      Turns: 1722, Time: 00:04:00

Health: -1/21      AC:  5    Str: 19    XL:     3   Next: 66%
Magic:  5/5        EV: 12    Int: 13    God:
Gold:   109        SH:  0    Dex: 10    Spells: 0 memorised, 2 levels left

rFire  + . .     SeeInvis .     a - +0 short sword
rCold  . . .     Clarity  .     m - +0 robe (curse)
rNeg   + . .     SustAt   .     (no shield)
rPois  ∞         Gourm    .     (no helmet)
rElec  +         Spirit   .     (no cloak)
rCorr  .         Warding  .     (no gloves)
rMut   .         Stasis   .     (no boots)
MR     .....                    (no amulet)
Stlth  ++........               n - ring of protection from fire
                                g - +5 ring of strength

@: not resistant to hostile enchantments, unstealthy
A: negative energy resistance 1, electricity resistance, unbreathing,
petrification resistance, rot immunity, AC +3
a: no special abilities


You were on level 2 of the Dungeon.
You were hungry.

You visited 1 branch of the dungeon, and saw 2 of its levels.

You collected 109 gold pieces.

Inventory:

Hand Weapons
 a - a +0 short sword (weapon)
Armour
 b - a +0 leather armour
 h - a +0 shield
 m - a cursed +0 robe (worn)
Jewellery
 g - a +5 ring of strength (left hand)
 l - an uncursed ring of magical power
 n - a ring of protection from fire (right hand)
Wands
 c - a wand of flame (15)
 d - a wand of enslavement (15)
 e - a wand of random effects (15)
Potions
 k - 2 potions of brilliance {unknown}
 p - a potion of curing {unknown}
Comestibles
 f - 2 bread rations
 i - 2 fruits
 j - 2 meat rations
 o - a slice of pizza


   Skills:
 + Level 1.9 Fighting
 + Level 1.7 Short Blades
 - Level 1.5 Dodging
 + Level 2.9 Stealth
 - Level 2.6 Evocations


You had 2 spell levels left.
You didn't know any spells.

Dungeon Overview and Level Annotations

Branches:
Dungeon (2/15)

Altars:


Innate Abilities, Weirdness & Mutations

You are resistant to torment.
Your stone body is resilient (AC +3).
You are immune to poison.
You resist negative energy.
You are resistant to electric shocks.
You can survive without breathing.
You are immune to petrification.
You are immune to rotting.


Message History

You puncture the worm!
The worm is heavily wounded.
The worm bites you!
You hit the worm.
The worm is severely wounded.
The worm closely misses you.
You barely miss the worm.
The worm is heavily wounded.
You hit the worm.
The worm is severely wounded.
The worm bites you!
You hit the worm.
The worm is severely wounded.
You barely miss the worm.
The worm is severely wounded.
The worm bites you but does no damage.
You hit the worm.
The worm is almost dead.
The worm bites you!
You die...

.>.....###.......###..........#
.......'.......#.###..##.########
.......#######.#.#....##.#.......
.......# #.#.#.#.....#.###.#.
###....# #.#.#.#######.# #.#.
.......# #.#.#.........# #.#.
.....### #.#.#############.#.
.....# #.......... ...#... .....#
###@###### ####.#### .....#
#...w.....# ......... .....####
#.##.#.##[....###...#. ...<....#
.. .# ........... ........# #.#
.. .###.#.#. ........# #. #.#
#...#. ........# #. .# #...#.
#####...# ## ## #########.#. .#
#...# #.........#.


You could see a worm.

Vanquished Creatures
  An ooze (D:1)
  A worm (D:2)
  6 bats
  3 giant cockroaches (D:1)
  5 goblins
  3 hobgoblins
  3 jackals (D:2)
  4 giant newts
  7 kobolds
  3 rats
36 creatures vanquished.

Notes
Turn   | Place    | Note
--------------------------------------------------------------
     0 | D:1      | Ijustatesigmund the Gargoyle Artificer began the quest for the Orb.
     0 | D:1      | Reached XP level 1. HP: 12/12 MP: 2/2
    22 | D:1      | Reached skill level 1 in Short Blades
   180 | D:1      | Reached XP level 2. HP: 14/16 MP: 4/4
   579 | D:1      | Reached XP level 3. HP: 18/20 MP: 5/5
  1722 | D:2      | Slain by a worm

Vault maps used:
D:1:      minmay_arrival_hallway, minmay_stone_trees_small, minmay_ruptured

Action                   || total
-------------------------++-------
Melee: Short sword       ||   141
  Use: Scroll            ||     1
 Stab: Sleeping          ||     3
  Eat: Chunk             ||     2
